 Dungeon Crawl Stone Soup version 0.23-a0-106-g63f3d0b (webtiles) character file.

3152 emperorscorpion the Cleaver (level 9, -2/79 HPs)
             Began as a Hill Orc Fighter on Aug 20, 2018.
             Was a High Priest of Zin.
             Slain by a troll (11 damage)
             ... on level 9 of the Dungeon.
             The game lasted 00:13:38 (7890 turns).

emperorscorpion the Cleaver (Hill Orc Fighter)      Turns: 7890, Time: 00:13:40

Health: -2/79      AC: 18    Str: 21    XL:     9   Next: 93%
Magic:  12/12      EV: 11    Int:  8    God:    Zin [*****.]
Gold:   462        SH:  0    Dex: 11    Spells: 8/8 levels left

rFire    . . .     SeeInvis .   a - +2 battleaxe (chop)
rCold    . . .     Gourm    .   (shield currently unavailable)
rNeg     . . .     Faith    .   j - +0 scale mail
rPois    +         Spirit   .   r - +2 helmet
rElec    .         Reflect  .   w - +0 cloak
rCorr    .         Harm     .   E - +2 pair of gloves
MR       .....                  (no boots)
Stlth    ..........             C - amulet of rage
HPRegen  0.23/turn              K - +3 ring of protection
MPRegen  0.13/turn              z - ring of poison resistance

@: no status effects
A: no striking features
a: Recite, Vitalisation, Imprison, Sanctuary, Donate Gold, Renounce Religion,
Evoke Berserk Rage


You were on level 9 of the Dungeon.
You worshipped Zin.
Zin was extremely pleased with you.
You were not hungry.

You visited 2 branches of the dungeon, and saw 10 of its levels.

You collected 600 gold pieces.
You spent 78 gold pieces at shops.
You donated 60 gold pieces to Zin.

Inventory:

Hand Weapons
 a - a +2 battleaxe of chopping (weapon)
 b - a +3 spear of freezing
 l - a +0 war axe
 H - a +0 trident
Missiles
 o - 14 tomahawks (quivered)
 J - 2 needles of sleeping
 L - 15 poisoned needles
Armour
 c - a +1 shield
 j - a +0 scale mail (worn)
 r - a +2 helmet (worn)
 w - a +0 cloak (worn)
 E - a +2 pair of gloves (worn)
 Q - the +5 robe of Agoraphobia {MR+}
   (You found it on level 8 of the Dungeon)

   It affects your resistance to hostile enchantments.
Jewellery
 u - an uncursed ring of protection from cold
 x - a +5 amulet of reflection
 z - a ring of poison resistance (right hand)
 C - an amulet of rage (around neck)
 D - an uncursed ring of see invisible
 I - an uncursed ring of flight
 K - a +3 ring of protection (left hand)
 O - an uncursed ring of protection from fire
 P - an uncursed ring of ice
Wands
 t - a wand of iceblast (11)
 F - a wand of scattershot (3)
Scrolls
 g - 2 scrolls of remove curse
 h - a scroll of enchant weapon
 n - 4 scrolls of identify
 p - a scroll of vulnerability {unknown}
 q - a scroll of enchant armour
 y - 6 scrolls of teleportation
 G - a scroll of blinking {unknown}
Potions
 d - 2 potions of might
 e - 3 potions of agility
 i - a potion of invisibility
 k - a potion of berserk rage
 m - 7 potions of heal wounds
 s - 4 potions of curing
 v - 4 potions of haste
 A - 3 potions of brilliance
 B - a potion of mutation {unknown}
 M - a potion of magic
Comestibles
 f - 20 rations


   Skills:
 + Level 7.1 Fighting
 + Level 10.9 Axes
 + Level 0.2(5.7) Polearms
 + Level 0.6 Throwing
 + Level 6.7 Armour
 + Level 3.0 Dodging
 + Level 1.5 Stealth
 + Level 6.2 Shields
 * Level 5.2 Invocations


You had 8 spell levels left.
You didn't know any spells.
Your spell library contained the following spells:

 Spells                   Type           Power        Failure   Level  Hunger
 Animate Skeleton         Necr           N/A          71%         1    ##.....
 Apportation              Tloc           #.....       71%         1    ##.....
 Confusing Touch          Hex            #.....       71%         1    ##.....
 Summon Small Mammal      Summ           #...         71%         1    ##.....


Dungeon Overview and Level Annotations

Branches:
Dungeon (9/15)             Temple (1/1) D:5
   Lair: D:8-11         Orc: D:9-12

Altars:
Cheibriados
Dithmenos
Elyvilon
Fedhas
Gozag
Hepliaklqana
Makhleb
Nemelex Xobeh
Qazlal
Ru
Sif Muna
Uskayaw
Vehumet
Wu Jian
Xom
Zin
The Shining One

Shops:
D:7 *

Annotations:
D:5 exclusion: 2 doors
D:9 4 runed doors, exclusion: electric eel


Message History

You kill the hound!
The troll barely misses you. The troll claws you but does no damage.
The troll claws you.
The wolf bites you but does no damage. x2
The troll bites you!
* * * LOW HITPOINT WARNING * * *
The troll barely misses you. The troll closely misses you.
You barely miss the troll.
The troll is almost dead.
You closely miss the wolf. The wolf closely misses you.
The troll closely misses you. The troll claws you!
* * * LOW HITPOINT WARNING * * *
The troll closely misses you.
Unknown command.
You closely miss the troll.
The troll is almost dead.
You miss the wolf. The wolf bites you.
* * * LOW HITPOINT WARNING * * *
The wolf closely misses you. The troll closely misses you.
The troll barely misses you. The troll claws you!
You die...

#####....##....#
.........##....#
......≈
#####...<##....#
....... #....##....#
...... ##...##....#
....### #...##....#
....... #...##....#
....#
#...##....##T...#
#...##.....@....#
##..##.....h....#
#..##..........#
#..##..........#
.#####..##..........#
...........#+#......#
####....### ###......
#..### ##.#.. ###..#


You could see a troll and a wolf.

Vanquished Creatures
  A spriggan (D:7)
  A wyvern (D:9)
  A hungry ghost (D:8)
  An ice beast (D:9)
  A sky beast (D:8)
  2 black bears
  4 ogres
  2 phantoms (D:8)
  A centaur (D:5)
  A crocodile (D:7)
  Blork the orc (D:6)
  2 bullfrogs (D:8)
  2 scorpions
  A water moccasin skeleton (D:4)
  A wight (D:5)
  A crimson imp (D:7)
  2 centaur zombies (D:8)
  A jelly (D:7)
  3 hounds
  3 orc wizards
  3 orc priests
  Natasha (D:2)
  4 bullfrog skeletons
  4 centaur skeletons
  3 iguanas
  4 worker ants
  A hound zombie (D:6)
  A howler monkey zombie (D:6)
  Robin (D:3)
  A howler monkey skeleton (D:5)
  7 adders
  A river rat (D:5)
  3 adder skeletons (D:6)
  2 adder zombies
  5 worms
  2 dart slugs (D:1)
  3 leopard geckos
  22 orcs
  A ball python (D:1)
  3 giant cockroaches
  15 goblins
  11 hobgoblins
  8 jackals
  3 quokkas
  A ball python zombie (D:6)
  6 bats
  5 frilled lizards
  7 rats
160 creatures vanquished.

Notes
Turn   | Place    | Note
-------+----------+-------------------------------------------
     0 | D:1      | emperorscorpion the Hill Orc Fighter began the quest for the Orb.
     0 | D:1      | Reached XP level 1. HP: 19/19 MP: 1/1
   168 | D:1      | Reached skill level 3 in Axes
   169 | D:1      | Reached XP level 2. HP: 8/27 MP: 2/2
   638 | D:1      | Reached XP level 3. HP: 33/33 MP: 3/3
  1260 | D:2      | Reached XP level 4. HP: 40/40 MP: 4/4
  1572 | D:2      | Noticed Natasha
  1578 | D:2      | Killed Natasha
  1578 | D:2      | Reached skill level 4 in Axes
  1768 | D:3      | Noticed Robin
  1788 | D:3      | Reached XP level 5. HP: 27/47 MP: 5/5
  1952 | D:3      | Killed Robin
  2225 | D:3      | Found a glowing golden altar of the Shining One.
  2256 | D:3      | Became a worshipper of the Shining One
  2358 | D:3      | Reached skill level 5 in Axes
  2499 | D:3      | Found a faded altar of an unknown god.
  2687 | D:4      | Reached XP level 6. HP: 51/53 MP: 6/6
  3330 | D:5      | Entered Level 5 of the Dungeon
  3336 | D:5      | Reached skill level 1 in Dodging
  3379 | D:5      | Found a staircase to the Ecumenical Temple.
  3390 | Temple   | Entered the Ecumenical Temple
  3401 | Temple   | Fell from the grace of the Shining One
  3401 | Temple   | Became a worshipper of Zin the Law-Giver
  3401 | Temple   | Reached * piety under Zin
  3523 | D:5      | Reached ** piety under Zin
  3543 | D:5      | Reached skill level 6 in Axes
  3656 | D:5      | Reached skill level 5 in Fighting
  3657 | D:5      | Reached XP level 7. HP: 60/61 MP: 7/7
  3952 | D:5      | Reached skill level 7 in Axes
  4635 | D:6      | Reached skill level 5 in Armour
  4635 | D:6      | Reached XP level 8. HP: 48/70 MP: 8/8
  4874 | D:6      | Reached *** piety under Zin
  4884 | D:6      | Reached skill level 5 in Shields
  5025 | D:6      | Noticed Blork the orc
  5036 | D:6      | Killed Blork the orc
  5036 | D:6      | Reached skill level 8 in Axes
  5663 | D:7      | Reached skill level 1 in Invocations
  5972 | D:7      | Reached **** piety under Zin
  6008 | D:7      | Noticed a spriggan baker
  6023 | D:7      | Killed a spriggan baker
  6023 | D:7      | Reached skill level 9 in Axes
  6243 | D:7      | Found a burning altar of Makhleb.
  6245 | D:7      | Found a glowing golden altar of the Shining One.
  6245 | D:7      | Found a blossoming altar of Fedhas.
  6247 | D:7      | Found a shimmering altar of Xom.
  6247 | D:7      | Found a deep blue altar of Sif Muna.
  6247 | D:7      | Found a glowing golden altar of the Shining One.
  6358 | D:7      | Found Puenu's General Store.
  6361 | D:7      | Bought a potion of curing for 39 gold pieces
  6361 | D:7      | Bought a scroll of teleportation for 39 gold pieces
  6491 | D:8      | Reached XP level 9. HP: 56/78 MP: 10/10
  6809 | D:8      | Got a crude robe
  6858 | D:8      | Reached skill level 10 in Axes
  6858 | D:8      | Reached skill level 1 in Stealth
  7053 | D:8      | Found a hide-covered altar of Uskayaw.
  7053 | D:8      | Found a hazy altar of Hepliaklqana.
  7057 | D:8      | Identified the +5 robe of Agoraphobia {MR+} (You found it on level 8 of the Dungeon)
  7073 | D:8      | Identified a scroll of acquirement
  7082 | D:8      | Found a shimmering altar of Xom.
  7588 | D:9      | Found a runed door.
  7651 | D:9      | Found a runed door.
  7661 | D:9      | Found a runed door.
  7791 | D:9      | Reached skill level 5 in Invocations
  7848 | D:9      | Reached ***** piety under Zin
  7871 | D:9      | Found a runed door.
  7875 | D:9      | Noticed a troll
  7890 | D:9      | Slain by a troll

Vault maps used:
D:1:      erik_arrival_cave_to_civilisation, serial_glass, glass_columns_c,
          glass_columns_a
D:2:      uniq_natasha
D:3:      tso_oasis_becter, chequers_ecumenical_altar_lobes, first_ration,
          uniq_robin
D:5:      cheibrodos_two_vegetables, minmay_temple_entry_trees,
          gup_sewer_entry_bowl
D:6:      serial_corexii_hall, corexii_hall_statues_x, corexii_hall_statues_l,
          corexii_hall_statues_u, corexii_hall_statues_u, uniq_blork_the_orc
D:7:      serial_shops, kennysheep_mini, the_bakery, doesnt_xom_only_xom
D:8:      gammafunk_temple_overflow_claw
D:9:      grunt_temple_overflow_bloody_war, erik_lair_island,
          minmay_statue_crystal_thing
Temple:   lightli_temple_of_artemis

Skill      XL: |  1  2  3  4  5  6  7  8  9 |
---------------+----------------------------+-----
Axes           | 3 4 5 6 7 9 10 | 10.9
Fighting       | 4 5 6 7 |  7.1
Shields        | 4 5 6 |  6.2
Armour         | 4 5 6 |  6.7
Dodging        | 1 2 3 |  3.0
Invocations    | 2 5 |  5.2
Stealth        | 1 |  1.5
Polearms       | |  0.2
Throwing       | |  0.6

Action                   |  1- 3 |  4- 6 |  7- 9 || total
-------------------------+-------+-------+-------++-------
Melee: War axe           |   109 |   146 |   301 ||   556
       Spear             |       |     6 |       ||     6
       Battleaxe         |       |       |    65 ||    65
Throw: Tomahawk          |       |     2 |    10 ||    12
Invok: Recite            |       |     1 |     5 ||     6
  Use: Scroll            |     1 |       |    19 ||    20
 Stab: Confused          |       |       |     6 ||     6
  Eat: Chunk             |     1 |     7 |    12 ||    20
       Ration            |       |       |     1 ||     1
Armor: Scale mail        |    58 |    58 |   175 ||   291
Dodge: Dodged            |    29 |    32 |   160 ||   221
Block: Shield            |    62 |    63 |   130 ||   255

Table legend:
 A = Non-vault XP
 B = Vault XP
 C = Vault XP percentage of total XP
 D = Non-vault monster count
 E = Vault monster count
 F = Vault count percentage of total count
                 A         B        C        D         E       F
            +---------+---------+-------+---------+---------+-------
      Total |    3962 |     541 |  12.0 |     139 |      21 |  13.1
            +---------+---------+-------+---------+---------+-------
        D:1 |      59 |       0 |   0.0 |      24 |       0 |   0.0
        D:2 |      45 |      37 |  45.1 |      19 |       1 |   5.0
        D:3 |      87 |      35 |  28.7 |      13 |      11 |  45.8
        D:4 |     185 |       0 |   0.0 |       6 |       0 |   0.0
        D:5 |     355 |     115 |  24.5 |      14 |       6 |  30.0
        D:6 |     363 |      90 |  19.9 |      16 |       1 |   5.9
        D:7 |     553 |     224 |  28.8 |      14 |       1 |   6.7
        D:8 |    1801 |       0 |   0.0 |      26 |       0 |   0.0
        D:9 |     514 |      40 |   7.2 |       7 |       1 |  12.5
            +---------+---------+-------+---------+---------+-------
